 Dungeon Crawl Stone Soup version 0.26-a0-18-g135ff06667 (webtiles) character file.

Game seed: 955016779048504580, levelgen mode: deterministic

1922 Mrkan the Cudgeler (level 9, -1/56 HPs)
             Began as a Gargoyle Fighter on May 25, 2020.
             Was a Believer of Okawaru.
             Slain by an unseen horror (5 damage)
             ... on level 6 of the Dungeon.
             The game lasted 00:13:58 (8871 turns).

Mrkan the Cudgeler (Gargoyle Fighter)               Turns: 8871, Time: 00:13:59

Health: -1/56      AC: 22    Str: 23    XL:     9   Next: 17%
Magic:  18/18      EV:  5    Int:  9    God:    Okawaru [**....]
Gold:   432        SH: 10    Dex:  9    Spells: 8/8 levels left

rFire    . . .     SeeInvis .   k - +1 flail (protect)
rCold    . . .     Gourm    .   c - +0 kite shield
rNeg     + . .     Faith    .   w - +0 plate armour
rPois    ∞         Spirit   .   (no helmet)
rElec    +         Reflect  .   x - +1 cloak
rCorr    .         Harm     .   (no gloves)
MR       .....                  v - +0 pair of boots
Stlth    ..........             (no amulet)
HPRegen  0.18/turn              (no ring)
MPRegen  0.16/turn              y - ring of magical power

@: no status effects
A: negative energy resistance 1, electricity resistance, unbreathing,
petrification resistance, rot immunity, AC +6
a: Heroism, Renounce Religion


You were on level 6 of the Dungeon.
You worshipped Okawaru.
Okawaru was pleased with you.
You were not hungry.

You visited 2 branches of the dungeon, and saw 7 of its levels.
You also visited: Sewer.

You collected 432 gold pieces.

Inventory:

Hand Weapons
 k - a +1 flail of protection (weapon)
Missiles
 s - 2 atropa-tipped darts (quivered)
Armour
 c - a +0 kite shield (worn)
 v - a +0 pair of boots (worn)
 w - a +0 plate armour (worn)
 x - a +1 cloak (worn)
Jewellery
 g - an uncursed ring of stealth {unknown}
 y - a ring of magical power (right hand)
 z - an uncursed amulet of reflection {unknown}
Wands
 b - a wand of flame (40)
 d - a wand of polymorph (8)
 r - a wand of acid (9)
Scrolls
 e - 5 scrolls of remove curse
 h - 3 scrolls of identify
 i - a scroll of enchant armour
 l - a scroll of magic mapping
 n - a scroll of amnesia
 p - 2 scrolls of blinking
Potions
 a - 2 potions of heal wounds {unknown}
 j - a potion of curing
 m - a potion of resistance {unknown}
 o - a potion of haste
 q - 2 potions of ambrosia {unknown}
 t - a potion of brilliance {unknown}
 u - a potion of lignification {unknown}
Comestibles
 f - 11 rations


   Skills:
 - Level 6.5 Fighting
 - Level 7.6 Maces & Flails
 - Level 6.5 Armour
 - Level 6.4 Shields
 + Level 1.0 Evocations


You had 8 spell levels left.
You didn't know any spells.
Your spell library was empty.

Dungeon Overview and Level Annotations

Branches:
Dungeon (6/15)             Temple (1/1) D:4           Sewer (visited)

Altars:
Ashenzari
Cheibriados
Elyvilon
Fedhas
Gozag
Hepliaklqana
Kikubaaqudgha
Nemelex Xobeh
Okawaru
Qazlal
Ru
Sif Muna
Trog
Uskayaw
Wu Jian
Xom
Yredelemnul
The Shining One

Shops:
D:5 =

Annotations:
D:4 2 transporters, mandick's ghost, amateur OpTm
D:6 2 transporters, iamserjio's ghost, novice OpCK


Innate Abilities, Weirdness & Mutations

You are resistant to torment.
Your stone body is resilient. (AC +6)
You are immune to poison.
You resist negative energy. (rN+)
You are resistant to electric shocks. (rElec)
You can survive without breathing.
You are immune to petrification.
You are immune to rotting.


Message History

Something hits you but does no damage. Something hits you but does no damage.
Something hits you but does no damage. Something hits you but does no damage.
Something hits you but does no damage. Something hits you but does no damage.
Something hits you.
* * * LOW HITPOINT WARNING * * *
There is an open door here.
Something hits you.
* * * LOW HITPOINT WARNING * * *
Something hits you but does no damage.
There is an open door here.
Something hits you.
* * * LOW HITPOINT WARNING * * *
Something hits you but does no damage. Something hits you.
* * * LOW HITPOINT WARNING * * *
You open the door.
A vampire comes into view.
Something hits you.
You die...

................#.####...........
##................## #...........
.........##.#......# #...###..##.
.......#######.....####### #...#.
#......##...##.....##...## ##....
.......#.....#.....#....(# ##...
.....###.....'..8..'.....# ##..
.##..###.....#.....#.....# ##..
###...###...##..@..##...######...
# ##..##########'#########.......
#...# #..# ... ##...........
##..####..#..... #............
#<..##...#..V..##...#..######
######..##..##.....#.......## ##
............###...##........# #.
#...........########...####.## #.
######..##...# #...#### ##.###.


You could see a vampire.

Vanquished Creatures
  A sky beast (D:5)
  An orc warrior (D:4)
  A black bear (D:6)
  An ogre (D:5)
  2 bullfrogs (Sewer)
  A wyvern zombie (D:6)
  2 howler monkeys
  3 crimson imps
  2 bullfrog zombies
  2 jellies (D:6)
  3 orc wizards
  A gnoll shaman (D:3)
  2 orc priests
  Crazy Yiuf (D:4)
  2 hounds
  Natasha (thrice) (D:3 D:2)
  3 iguanas (D:6)
  7 worker ants
  9 gnolls
  18 adders
  A river rat (D:4)
  A shadow imp (D:5)
  7 oozes (Sewer)
  2 worms
  5 dart slugs
  11 leopard geckos
  19 orcs
  14 giant cockroaches
  6 goblins
  9 hobgoblins
  12 jackals
  5 quokkas
  12 ball pythons
  A ball python skeleton (D:4)
  6 bats
  15 frilled lizards
  5 kobolds
  A leopard gecko skeleton (D:6)
  2 quokka skeletons
  7 rats
206 creatures vanquished.

Vanquished Creatures (others)
  A plant (D:4)
1 creature vanquished.

Grand Total: 207 creatures vanquished

Notes
Turn   | Place    | Note
-------+----------+-------------------------------------------
     0 | D:1      | Mrkan the Gargoyle Fighter began the quest for the Orb.
     0 | D:1      | Reached XP level 1. HP: 14/14 MP: 1/1
   277 | D:1      | Reached XP level 2. HP: 19/19 MP: 2/2
   806 | D:2      | Reached XP level 3. HP: 22/23 MP: 3/3
  1071 | D:2      | Reached skill level 3 in Maces & Flails
  1269 | D:2      | Reached XP level 4. HP: 25/29 MP: 4/4
  1708 | D:3      | Noticed Natasha
  1713 | D:3      | Killed Natasha
  1713 | D:3      | Reached XP level 5. HP: 17/33 MP: 5/5
  2196 | D:3      | Noticed Natasha
  2218 | D:2      | Killed Natasha
  2221 | D:2      | Reached skill level 4 in Maces & Flails
  2353 | D:2      | Noticed Natasha
  2363 | D:2      | Killed Natasha
  2503 | D:3      | Reached XP level 6. HP: 38/39 MP: 6/6
  2588 | D:3      | Found a basalt altar of Yredelemnul.
  3285 | D:4      | Found a staircase to the Ecumenical Temple.
  3305 | Temple   | Entered the Ecumenical Temple
  3363 | Temple   | Became a worshipper of Warmaster Okawaru
  3641 | D:4      | Identified the +5 dire flail of Summertime {pain, rPois
                  | Str+4}
  3643 | D:4      | Noticed mandick's ghost (amateur OpTm)
  3647 | D:4      | Found a transporter.
  3647 | D:4      | Found a transporter.
  3727 | D:4      | Found a glowing drain.
  3731 | Sewer    | Entered a sewer
  3779 | Sewer    | Reached XP level 7. HP: 34/44 MP: 7/7
  4080 | Sewer    | Reached skill level 5 in Maces & Flails
  4232 | Sewer    | Reached skill level 5 in Fighting
  4232 | Sewer    | Reached skill level 5 in Shields
  4237 | Sewer    | Reached * piety under Okawaru
  4237 | Sewer    | Reached skill level 5 in Armour
  5231 | D:4      | Found a runed translucent door.
  5232 | D:4      | Noticed Crazy Yiuf
  5245 | D:4      | Killed Crazy Yiuf
  5245 | D:4      | Reached XP level 8. HP: 48/50 MP: 8/8
  5477 | D:5      | Entered Level 5 of the Dungeon
  5547 | D:5      | Reached skill level 6 in Maces & Flails
  5554 | D:5      | Noticed a troll
  5587 | D:5      | Found a hazy altar of Hepliaklqana.
  5587 | D:5      | Found an ancient bone altar of Kikubaaqudgha.
  5730 | D:5      | Found Uniosmox's Jewellery Boutique.
  6197 | D:5      | Reached ** piety under Okawaru
  6604 | D:5      | Found a hide-covered altar of Uskayaw.
  6606 | D:5      | Found a sparkling altar of Nemelex Xobeh.
  6870 | D:6      | Reached skill level 7 in Maces & Flails
  7001 | D:6      | Noticed iamserjio's ghost (novice OpCK)
  7079 | D:6      | Found a transporter.
  7085 | D:6      | Found a transporter.
  7096 | D:6      | Reached XP level 9. HP: 56/56 MP: 9/9
  8823 | D:6      | Reached skill level 1 in Evocations
  8871 | D:6      | Slain by an unseen horror

Illustrated notes

Levels and vault maps discovered:
D:1:      tarquinn_simple_flora_water_a, layout_basic
D:2:      layout_basic, first_ration
D:3:      layout_basic, lemuel_doored_altar, uniq_natasha
D:4:      layout_loops_ring, minmay_temple_entry_wispy, gup_sewer_entry_bowl,
          gammafunk_ghost_smash, saegor_snake_ambush, uniq_crazy_yiuf_cottage
D:5:      layout_cave_pods, nicolae_overflow_hidden_temple,
          gammafunk_temple_overflow_pools, serial_column_ruins,
          column_ruins_circle_medium, column_ruins_corridor_corner,
          column_ruins_grid_2, column_ruins_columns_T, column_ruins_open_small,
          column_ruins_open_tiny, serial_shops, shop,
          mumra_transporter_accident, minmay_misc_feat_doors,
          lightli_corner_chamber
D:6:      layout_layer_cave, gammafunk_ghost_arena, minmay_three_doors
Temple:   cyrus_circular_temple

Skill      XL: |  1  2  3  4  5  6  7  8  9 |
---------------+----------------------------+-----
Maces & Flails | 3 4 5 7 |  7.6
Fighting       | 4 5 6 |  6.5
Armour         | 4 5 6 |  6.5
Shields        | 4 5 6 |  6.4
Evocations     | 1 |  1.0

Action                   |  1- 3 |  4- 6 |  7- 9 || total
-------------------------+-------+-------+-------++-------
Melee: Flail             |   116 |   345 |   617 ||  1078
Invok: Heroism           |       |       |     1 ||     1
  Use: Potion            |       |       |     3 ||     3
       Scroll            |       |       |     8 ||     8
  Eat: Chunk             |     1 |     9 |    16 ||    26
       Ration            |       |       |     1 ||     1
Armor: Scale mail        |    94 |   191 |   105 ||   390
       Plate armour      |       |       |   392 ||   392
Dodge: Dodged            |    55 |   153 |   140 ||   348
Block: Kite shield       |    78 |   211 |   347 ||   636

Table legend:
 A = Non-vault XP
 B = Vault XP
 C = Vault XP percentage of total XP
 D = Non-vault monster count
 E = Vault monster count
 F = Vault count percentage of total count
                 A         B        C        D         E       F
            +---------+---------+-------+---------+---------+-------
      Total |    2224 |     523 |  19.0 |     147 |      59 |  28.6
            +---------+---------+-------+---------+---------+-------
        D:1 |      19 |       0 |   0.0 |      10 |       0 |   0.0
        D:2 |     199 |       0 |   0.0 |      31 |       0 |   0.0
        D:3 |     230 |      35 |  13.2 |      35 |       1 |   2.8
        D:4 |     329 |      90 |  21.5 |      20 |       9 |  31.0
        D:5 |     832 |       0 |   0.0 |      30 |       0 |   0.0
        D:6 |     615 |      43 |   6.5 |      21 |       1 |   4.5
      Sewer |       0 |     355 | 100.0 |       0 |      48 | 100.0
            +---------+---------+-------+---------+---------+-------
